Map: Deathaura LE

Players

BlyOnFire (Bly)

  • Race: Zerg Zerg
  • Spawn Location: 5:00

Denver - Winner!

  • Race: Zerg Zerg
  • League: Master
  • Spawn Location: 11:00

Event: DreamHack SC2 Masters 2020 Summer Europe

VOD

Have the link to the VOD?

Description

Time

  • Played on: July 1, 2020, 12:06 p.m.
  • Length: 13:42

All games in this series

Show
View Real Time Build Order
Export as new Build Order

BlyOnFire Zerg 

Build Orders: Hatch First, Roach Nydus 

Get SALT Encoding   

  12  0:01  Drone  
  13  0:13  Overlord  
  13  0:18  Drone  
  14  0:31  Drone x2  
  16  0:47  Hatchery  
  15  0:50  Drone  
  15  0:54  Drone  
  17  0:59  Drone  
  17  1:00  Extractor  
  17  1:14  Spawning Pool  
  17  1:17  Drone  
  17  1:19  Drone  
  18  1:28  Drone  
  19  1:39  Drone  
  20  1:49  Overlord  
  20  2:01  Zergling x2, Queen  
  22  2:02  Lair, Zergling x2  
  24  2:11  Drone  
  24  2:12  Drone  
  26  2:22  Drone x2  
  28  2:33  Extractor  
  28  2:36  Queen  
  29  2:41  Drone  
  29  2:43  Overlord  
  29  2:44  Drone x2  
  32  2:49  Roach Warren  
  32  2:50  Evolution Chamber  
  30  2:54  Drone  
  30  3:08  Nydus Network  
  30  3:09  Queen  
  31  3:16  Drone x3  
  31  3:19  Drone  
  35  3:34  Overlord  
  35  3:39  Roach x2  
  38  3:43  Roach  
  38  3:46  Roach  
  42  3:58  Nydus Canal  
  42  4:00  Zergling x8  
  46  4:06  Roach  
  46  4:09  Queen  
  50  4:13  Roach  
  50  4:15  Nydus Canal  
  52  4:30  Nydus Canal  
  52  4:38  Overlord x2  
  52  4:40  Overlord  
  52  4:45  Nydus Canal  
  48  5:00  Nydus Canal  
  48  5:01  Queen x2  
  48  5:02  Roach x3  
  48  5:03  Roach  
  60  5:10  Roach x2  
  64  5:14  Drone x2  
  66  5:28  Drone x4  
  62  5:39  Drone x2  
  62  5:46  Roach x2  
  54  5:59  Extractor  
  54  6:00  Extractor, Spire  
  51  6:06  Drone x3  
  54  6:22  Metabolic Boost  
  54  6:26  Hatchery  
  53  6:38  Drone  
  53  6:39  Drone x3  
  57  6:42  Spine Crawler  
  57  6:43  Spine Crawler  
  57  6:44  Drone x3, Spine Crawler  
  57  6:45  Drone x2  
  59  6:54  Overlord  
  59  7:07  Overlord  
  59  7:12  Mutalisk x5  
  69  7:16  Mutalisk  
  71  7:23  Mutalisk  
  73  7:32  Evolution Chamber  
  73  7:34  Mutalisk  
  74  7:43  Zergling x10  
  80  7:46  Overlord  
  80  7:48  Overlord  
  80  7:49  Overlord  
  74  8:02  Mutalisk x3  
  73  8:08  Drone x4  
  76  8:23  Hatchery  
  76  8:24  Mutalisk  
  77  8:27  Mutalisk  
  77  8:28  Hatchery  
  77  8:30  Zerg Flyer Weapons Level 1  
  78  8:40  Mutalisk  
  76  8:50  Mutalisk  
  78  8:58  Zergling x2  
  78  8:59  Zergling x20  
  89  9:19  Drone  
  89  9:20  Drone x6  
  95  9:24  Overseer  
  95  9:26  Drone  
  91  9:49  Drone x12  
  91  9:50  Unknown  
  91  9:52  Unknown  
  99  10:02  Mutalisk x5  
  109  10:09  Overseer  
  109  10:10  Overseer  
  109  10:19  Mutalisk x3  
  114  10:26  Nydus Canal  
  112  10:30  Mutalisk x2  
  114  10:37  Mutalisk x2  
  114  10:39  Overlord x2  
  118  10:47  Overlord x2  
  118  10:49  Overlord x2  
  105  11:03  Mutalisk x5  
  105  11:11  Mutalisk x2  
  101  11:18  Zergling x14  
  113  11:31  Extractor  
  113  11:32  Mutalisk x4  
  109  11:33  Extractor  
  109  11:36  Mutalisk  
  110  12:06  Mutalisk x3  
  110  12:07  Mutalisk  
  106  12:11  Hatchery, Zergling x16  
  113  12:29  Mutalisk x3  
  106  12:48  Mutalisk x3  
  77  13:07  Mutalisk  
  77  13:08  Mutalisk x2  
  77  13:09  Zergling x8  
  77  13:10  Zergling x8  
Show
View Real Time Build Order
Export as new Build Order

Denver Zerg - Winner!

Build Orders: Hatch First 

Get SALT Encoding   

  12  0:00  Drone  
  13  0:12  Overlord  
  13  0:17  Drone  
  14  0:31  Drone x2  
  16  0:47  Hatchery  
  15  0:51  Drone  
  15  0:56  Drone  
  17  0:58  Drone  
  18  1:10  Extractor  
  17  1:13  Spawning Pool  
  17  1:16  Drone  
  17  1:20  Drone  
  18  1:29  Drone  
  19  1:41  Drone  
  20  1:51  Drone  
  21  2:00  Queen x2  
  21  2:01  Overlord  
  25  2:02  Zergling x2  
  26  2:09  Metabolic Boost  
  26  2:11  Drone  
  26  2:14  Drone  
  28  2:21  Zergling x2  
  29  2:26  Zergling x2  
  30  2:35  Hatchery  
  29  2:39  Drone x2  
  31  2:47  Baneling Nest  
  31  2:48  Zergling x2  
  31  2:49  Drone  
  32  2:56  Overlord  
  32  2:58  Drone  
  33  3:04  Drone  
  33  3:06  Drone  
  33  3:09  Drone x2  
  36  3:15  Drone x3  
  36  3:17  Drone  
  40  3:22  Overlord  
  40  3:29  Queen  
  40  3:33  Zergling x4  
  44  3:38  Roach Warren  
  43  3:44  Zergling x6  
  43  3:47  Extractor  
  45  3:49  Drone x2  
  45  3:50  Drone  
  47  4:03  Overlord  
  47  4:04  Drone x2  
  47  4:06  Evolution Chamber  
  48  4:14  Zergling x16  
  56  4:20  Overlord  
  56  4:23  Spine Crawler  
  54  4:33  Roach x3  
  54  4:34  Roach  
  58  4:39  Roach x2  
  58  4:43  Roach  
  63  4:46  Roach  
  63  4:47  Roach  
  64  4:53  Roach x2  
  64  4:56  Roach x2  
  70  5:04  Overlord  
  70  5:06  Zerg Missile Weapons Level 1  
  70  5:09  Overlord  
  70  5:11  Roach  
  70  5:13  Drone  
  73  5:23  Overlord  
  73  5:24  Roach x2  
  73  5:25  Roach  
  72  5:37  Roach  
  72  5:38  Roach x3  
  80  5:47  Drone x4  
  78  5:53  Roach x3  
  80  5:57  Drone x3  
  80  5:58  Drone x2  
  80  6:01  Extractor  
  80  6:04  Queen  
  84  6:11  Drone x3  
  89  6:16  Lair  
  89  6:20  Overlord  
  89  6:22  Drone x3  
  89  6:25  Overlord  
  92  6:31  Overlord  
  92  6:33  Overlord  
  92  6:36  Roach x2  
  96  6:44  Overlord  
  96  6:47  Drone x2  
  98  6:49  Overlord  
  98  6:50  Extractor  
  98  6:52  Drone x6  
  103  7:01  Drone x2  
  105  7:04  Zerg Ground Armor Level 1  
  105  7:10  Zergling x10  
  105  7:12  Queen  
  112  7:15  Glial Reconstitution  
  112  7:17  Drone  
  112  7:20  Spire  
  112  7:25  Queen  
  112  7:27  Drone x4  
  112  7:29  Drone  
  119  7:30  Drone  
  119  7:33  Overlord  
  120  7:40  Queen  
  118  7:53  Queen  
  105  8:01  Queen  
  105  8:04  Spore Crawler  
  88  8:06  Drone x2, Spore Crawler x2  
  88  8:08  Spore Crawler  
  88  8:09  Drone x3, Spore Crawler  
  88  8:11  Roach x8, Spore Crawler  
  98  8:17  Queen  
  100  8:20  Drone  
  100  8:22  Overseer  
  100  8:25  Overlord  
  101  8:36  Spore Crawler  
  98  8:42  Corruptor x6  
  110  8:53  Extractor x2  
  109  8:55  Drone x3  
  109  8:56  Overlord  
  109  8:58  Corruptor x2  
  109  9:02  Overlord  
  115  9:06  Overlord  
  115  9:09  Corruptor  
  117  9:16  Corruptor  
  118  9:23  Drone x2  
  117  9:24  Zerg Flyer Armor Level 1  
  117  9:28  Spore Crawler  
  117  9:29  Spore Crawler, Corruptor  
  117  9:30  Spine Crawler  
  116  9:37  Corruptor  
  117  9:52  Corruptor x2  
  119  9:54  Overlord  
  121  10:03  Drone x4  
  121  10:06  Corruptor x2  
  124  10:07  Spore Crawler  
  124  10:09  Hatchery  
  124  10:11  Roach x3  
  132  10:19  Corruptor  
  131  10:23  Overlord  
  131  10:30  Roach  
  131  10:31  Roach x7  
  131  10:32  Overlord x3  
  147  10:43  Roach x2  
  147  10:48  Roach  
  147  10:49  Roach x2  
  147  11:07  Roach x3  
  147  11:08  Roach x3  
  157  11:14  Corruptor x3  
  163  11:20  Hatchery  
  163  11:23  Corruptor  
  164  11:28  Overlord  
  164  11:30  Corruptor  
  166  11:37  Corruptor x3  
  172  11:45  Corruptor  
  174  11:51  Corruptor  
  176  11:56  Extractor  
  176  12:00  Extractor  
  168  12:09  Roach x10  
  188  12:16  Drone x2  
  188  12:17  Drone  
  191  12:28  Roach x6  
  187  12:51  Roach x8  
  193  13:02  Roach x4  
Tags
 
Add a new tag
Caveats
  • Supply blocks, unpowered buildings, or Contaminate may cause inaccurate times.
  • Supply counts are checked every 10 seconds.